 Dungeon Crawl Stone Soup version 0.30-a0-777-ga9a30cbeda (webtiles) character file.

Game seed: 7515764459536188801

1508809 Snarg the Intangible (level 27, 165/165 HPs)
             Began as a Kobold Enchanter on Dec 8, 2022.
             Was the Champion of Wu Jian.
             Escaped with the Orb
             ... and 3 runes on Feb 14, 2023!
             The game lasted 11:09:13 (95511 turns).

Snarg the Intangible (Kobold Enchanter)            Turns: 95511, Time: 11:09:13

Health: 165/165    AC: 32    Str: 13    XL:     27
Magic:  40/40      EV: 60    Int: 22    God:    Wu Jian [******]
Gold:   9599       SH: 13    Dex: 43    Spells: 1/53 levels left

rFire   + . .      SeeInvis +    a - +8 Vampire's Tooth {megavamp}
rCold   + . .      Faith    .    y - +3 buckler {AC+3}
rNeg    + + .      Spirit   .    p - +4 faerie dragon scales {rCorr Dex+6}
rPois   .          Reflect  .    U - +1 helmet of Xufudio {rElec rF+}
rElec   +          Harm     .    T - +2 cloak {Stlth+}
rCorr   +          Rampage  .    o - +2 pair of gloves {Dex+3}
Will    +++..                    Z - +3 pair of mountain boots {steadfast, rC+}
Stlth   +++++                    g - amulet "Sixec" {Regen+ rCorr Int+4 Stlth+}
HPRegen 1.27/turn                Y - ring of Pizoll {rF- rN+ Int+6 Dex+6 SInv}
MPRegen 0.27/turn                W - ring of Doubts {rF+ rN+ Will+ Int-5 Dex+7}

@: studying Polearms
A: small, no large weapons, nightstalker 3, iridescent scales 2, clumsy 1, frail
1, strong 1
0: Orb of Zot
}: 3/15 runes: barnacled, silver, gossamer
a: Renounce Religion, Wall Jump, Serpent's Lash, Heavenly Storm


You escaped.
You worshipped Wu Jian.
Wu Jian was exalted by your worship.
You visited 11 branches of the dungeon, and saw 51 of its levels.
You also visited: Ossuary, Ice Cave, Wizlab and Desolation.

You collected 10875 gold pieces.
You spent 1276 gold pieces at shops.

Inventory:

Hand Weapons
 a - the +8 Vampire's Tooth (weapon) {megavamp}
   (You found it in the Desolation of Salt)
 b - the +9 long sword "Luvuw" {protect, Dex+4}
   (You took it off a deep elf high priest on level 4 of the Vaults)

   Dex:       It affects your dexterity (+4).
Missiles
 r - 43 boomerangs (quivered)
 u - 6 curare-tipped darts {droppable}
 w - 4 throwing nets
 L - 10 boomerangs of dispersal {droppable}
Armour
 o - a +2 pair of gloves of dexterity (worn)
 p - the +4 faerie dragon scales (worn) {rCorr Dex+6}
   (You took it off the Enchantress on level 1 of the Depths)

   Dex:       It affects your dexterity (+6).
   rCorr:     It protects you from acid and corrosion.
 y - a +3 buckler of protection (worn)
 I - a scarf of repulsion
 T - a +2 cloak of stealth (worn)
 U - the +1 helmet of Xufudio (worn) {rElec rF+}
   (You found it on level 12 of the Dungeon)

   rF:        It protects you from fire.
   rElec:     It insulates you from electricity.
 Z - the +3 pair of mountain boots (worn) {steadfast, rC+}
   (You found it on level 2 of the Crypt)

   Steadfast: It prevents involuntary movement, except for blinking,
   teleportation, or banishment.
   rC:        It protects you from cold.
Jewellery
 c - a ring of flight
 g - the amulet "Sixec" (around neck) {Regen+ rCorr Int+4 Stlth+}
   (You acquired it on level 3 of the Crypt)

   [amulet of regeneration]

   Int:       It affects your intelligence (+4).
   Regen:     It increases your rate of health regeneration.
   rCorr:     It protects you from acid and corrosion.
   Stlth:     It makes you more stealthy.
 h - the ring of Guusk {rPois rF+ Int+4}
   (You found it on level 15 of the Dungeon)

   [ring of protection from fire]

   Int:       It affects your intelligence (+4).
   rF:        It protects you from fire.
   rPois:     It protects you from poison.
 B - the ring "Goanemov" {rPois rC+ Str+6 Dex+2 Stlth-}
   (You found it on level 2 of the Spider Nest)

   [ring of strength]

   Str:       It affects your strength (+6).
   Dex:       It affects your dexterity (+2).
   rC:        It protects you from cold.
   rPois:     It protects you from poison.
   Stlth:     It makes you less stealthy.
 W - the ring of Doubts (right hand) {rF+ rN+ Will+ Int-5 Dex+7}
   (You found it on level 3 of the Crypt)

   [ring of positive energy]

   Int:       It affects your intelligence (-5).
   Dex:       It affects your dexterity (+7).
   rF:        It protects you from fire.
   rN:        It protects you from negative energy.
   Will:      It increases your willpower.
 Y - the ring of Pizoll (left hand) {rF- rN+ Int+6 Dex+6 SInv}
   (You found it on level 13 of the Dungeon)

   [ring of dexterity]

   Int:       It affects your intelligence (+6).
   Dex:       It affects your dexterity (+6).
   rF:        It makes you vulnerable to fire.
   rN:        It protects you from negative energy.
   SInv:      It lets you see invisible.
Wands
 m - a wand of charming (56)
 t - a wand of acid (11)
 v - a wand of polymorph (14)
 z - a wand of digging (14)
 D - a wand of mindburst (42)
 V - a wand of roots (33)
 X - a wand of flame (53)
Scrolls
 f - 22 scrolls of teleportation
 s - 9 scrolls of blinking
 A - 6 scrolls of magic mapping
 E - 17 scrolls of poison
 F - 5 scrolls of fog
 K - 4 scrolls of butterflies
 P - 4 scrolls of vulnerability
 R - 17 scrolls of fear
Potions
 e - 3 potions of cancellation
 i - 8 potions of flight
 j - 6 potions of resistance
 k - 9 potions of brilliance
 l - a potion of invisibility {use}
 n - 20 potions of curing
 x - 18 potions of heal wounds
 C - a potion of berserk rage
 G - 8 potions of might
 H - 2 potions of magic
 O - 3 potions of haste
Miscellaneous
 d - a phial of floods
 q - a tin of tremorstones (2/2)
 J - a condenser vane
 N - a phantom mirror (inert)


   Skills:
 - Level 22.0 Fighting
 - Level 20.4 Short Blades
 - Level 0.5(0.8) Axes
 - Level 0.5(0.8) Maces & Flails
 - Level 0.3(0.5) Polearms
 - Level 1.1 Ranged Weapons
 - Level 10.0 Throwing
 - Level 8.6 Armour
 O Level 27 Dodging
 + Level 26.7 Stealth
 + Level 9.4 Shields
 - Level 13.5 Spellcasting
 - Level 5.0 Conjurations
 - Level 23.0 Hexes
 - Level 2.0 Summonings
 - Level 0.4 Necromancy
 - Level 8.0 Translocations
 - Level 0.4 Transmutations
 - Level 0.6 Fire Magic
 - Level 3.0 Ice Magic
 - Level 5.0 Air Magic
 - Level 4.0 Earth Magic
 - Level 2.0 Poison Magic
 - Level 0.5 Invocations
 + Level 13.0 Evocations


You had one spell level left.
You knew the following spells:

 Your Spells              Type           Power      Damage    Failure   Level
a - Ensorcelled Hibernat  Hex/Ice        100%       N/A       1%          2
b - Tukima's Dance        Hex            86%        N/A       0%          3
c - Dazzling Flash        Conj/Hex       100%       N/A       1%          3
d - Confusing Touch       Hex            86%        N/A       0%          3
e - Leda's Liquefaction   Hex/Erth       32%        N/A       1%          4
f - Mephitic Cloud        Conj/Pois/Air  32%        N/A       4%          3
g - Swiftness             Air            36%        N/A       3%          3
h - Apportation           Tloc           100%       N/A       1%          1
i - Cause Fear            Hex            43%        N/A       0%          4
j - Enfeeble              Hex            43%        N/A       1%          7
k - Portal Projectile     Hex/Tloc       100%       N/A       1%          3
l - Blink                 Tloc           100%       N/A       1%          2
m - Summon Mana Viper     Hex/Summ       63%        N/A       1%          5
n - Silence               Hex/Air        33%        N/A       1%          5
o - Passage of Golubria   Tloc           50%        N/A       3%          4

Your spell library contained the following spells:

 Spells                   Type           Power      Damage    Failure   Level
 Magic Dart               Conj           100%       1d8       1%          1
 Sandblast                Erth           64%        2d14      1%          1
 Shock                    Conj/Air       100%       1d9       1%          1
 Foxfire                  Conj/Fire      100%       2x1d9     2%          1
 Summon Small Mammal      Summ           92%        N/A       3%          1
 Sting                    Tmut/Pois      80%        1d7       4%          1
 Beastly Appendage        Tmut           32%        N/A       6%          1
 Necrotise                Necr           64%        1d7       6%          1
 Lesser Beckoning         Tloc           100%       N/A       1%          2
 Static Discharge         Conj/Air       72%        2-5/arc   1%          2
 Gell's Gravitas          Tloc           50%        N/A       1%          3
 Inner Flame              Hex/Fire       61%        N/A       1%          3
 Teleport Other           Tloc           50%        N/A       1%          3
 Anguish                  Hex/Necr       30%        N/A       1%          4
 Poisonous Vapours        Pois/Air       60%        N/A       2%          2
 Stone Arrow              Conj/Erth      68%        3d11      3%          3
 Manifold Assault         Tloc           50%        N/A       3%          4
 Cigotuvi's Dreadful Rot  Necr/Pois/Air  50%        N/A       4%          2
 Passwall                 Tmut/Erth      20%        N/A       4%          2
 Hailstorm                Conj/Ice       32%        3d8       4%          3
 Call Imp                 Summ           23%        N/A       5%          2
 Iskenderun's Mystic Bla  Conj/Tloc      43%        2d10      5%          4
 Frozen Ramparts          Ice            56%        1d9       7%          3
 Ozocubu's Armour         Ice            28%        N/A       7%          3
 Wereblood                Tmut           16%        N/A       10%         2
 Airstrike                Air            18%        2d(3-19)  10%         4
 Call Canine Familiar     Summ           23%        N/A       11%         3
 Spider Form              Tmut/Pois      20%        N/A       14%         3
 Ignite Poison            Fire/Tmut/Pois 19%        N/A       16%         3
 Summon Lightning Spire   Summ/Air       30%        N/A       19%         4
 Animate Armour           Summ/Erth      56%        N/A       22%         4
 Flame Wave               Conj/Fire      27%        2d9       24%         4
 Sticky Flame             Conj/Fire      27%        2d5       24%         4
 Summon Ice Beast         Ice/Summ       25%        N/A       28%         4
 Iskenderun's Battlesphe  Conj           36%        2d9       28%         5
 Lightning Bolt           Conj/Air       18%        1d32      28%         5
 Olgreb's Toxic Radiance  Pois           23%        N/A       34%         4
 Ice Form                 Ice/Tmut       22%        N/A       36%         4
 Lee's Rapid Deconstruct  Erth           16%        3d10*     38%         5
 Fireball                 Conj/Fire      13%        3d7       56%         5
 Borgnjor's Vile Clutch   Necr/Erth      12%        N/A       65%         5
 Conjure Ball Lightning   Conj/Air       18%        3x3d6     83%         6
 Agony                    Necr           16%        N/A       87%         5
 Starburst                Conj/Fire      13%        6d6       98%         6
 Simulacrum               Ice/Necr       11%        N/A       99%         6
 Statue Form              Tmut/Erth      16%        N/A       99%         6
 Dragon Form              Tmut           8%         N/A       100%        7
 Orb of Destruction       Conj           18%        9d8       100%        7
 Ozocubu's Refrigeration  Ice            14%        4d10      100%        7
 Storm Form               Tmut/Air       13%        N/A       100%        7
 Summon Hydra             Summ           11%        N/A       100%        7
 Ignition                 Fire           8%         3d5       100%        8
 Lehudib's Crystal Spear  Conj/Erth      17%        10d5      100%        8
 Maxwell's Capacitive Co  Air            18%        ∞         100%        8
 Summon Horrible Things   Summ           11%        N/A       100%        8
 Chain Lightning          Conj/Air       18%        3d24      100%        9
 Dragon's Call            Summ           11%        N/A       100%        9
 Fire Storm               Conj/Fire      13%        8d4       100%        9
 Shatter                  Erth           16%        3d15*     100%        9


Dungeon Overview and Level Annotations

Branches:
Dungeon (15/15)            Temple (1/1) D:5            Lair (5/5) D:9
 Shoals (4/4) Lair:2       Spider (4/4) Lair:2        Slime (0/5) Lair:4
    Orc (2/2) D:10            Elf (3/3) Orc:2        Vaults (5/5) D:14
  Crypt (3/3) Vaults:2       Tomb (0/3) Crypt:3      Depths (4/4) D:15
    Zot (5/5) Depths:4    Ossuary (visited)           IceCv (visited)
 WizLab (visited)         Desolation (visited)

Altars:
Ashenzari
Cheibriados
Dithmenos
Elyvilon
Fedhas
Gozag
Hepliaklqana
Kikubaaqudgha
Makhleb
Nemelex Xobeh
Okawaru
Qazlal
Ru
Sif Muna
Trog
Uskayaw
Vehumet
Wu Jian
Xom
Yredelemnul
Zin
The Shining One
Jiyva

Shops:
Orc:2 =*([   Elf:1 *   Elf:2 (:   Vaults:1 *   Depths:1 ==:

Portals:
Hell: Depths:1 Depths:2 Depths:3 Depths:4
Abyss: D:12 Depths:3 Depths:4
Pandemonium: Depths:2
Ziggurat: Depths:2

Annotations:
D:1 clr
D:2 clr
D:3 clr
D:4 clr
D:5 clr
D:6 crl
D:7 clr
D:8 clr
D:9 clr
D:10 cl
D:11 clr
D:12 clr
D:13 clr
D:14 clr
D:15 clr
Lair:1 clr
Lair:2 clr
Lair:3 clr
Lair:4 clr
Lair:5 clr
Shoals:1 clr
Shoals:2 clr
Shoals:3 Nikola
Shoals:4 .
Spider:1 clr
Spider:2 clr
Spider:3 clr
Spider:4 clr, got rune!
Orc:1 clr
Orc:2 clr
Elf:1 clr
Elf:2 clr
Elf:3 exclusion: 4 doors
Vaults:1 clr
Vaults:2 clr
Vaults:3 clr
Vaults:4 clr
Crypt:1 clr
Crypt:3 clr
Depths:1 clr
Depths:2 1 transporter
Depths:3 6 transporters, 1 runed translucent door, exclusion: door, Boris
Depths:4 clr
Zot:2 clr
Zot:3 clr
Zot:4 clr


Innate Abilities, Weirdness & Mutations

You are small and have problems with some larger weapons.
You are completely attuned to the shadows.
You are mostly covered in iridescent scales. (AC +4)
You are clumsy. (Dex -2)
You are frail. (-10% HP)
Your muscles are strong. (Str +4, Int/Dex -1)


Message History

The hellion partially resists.
The hellion is enfeebled!
You hit the hellion.
The hellion is lightly wounded.
The hellion falters for a moment.
You hit the hellion but do no damage.
The hellion is lightly wounded.
You hit the hellion.
The hellion is lightly wounded.
The hellion falters for a moment.
You barely miss the hellion.
The hellion is lightly wounded.
You hit the hellion.
The hellion is moderately wounded.
You puncture the hellion!
The hellion is heavily wounded.
The hellion hits you but does no damage.
You hit the hellion.
The hellion is heavily wounded.
You puncture the hellion!
The hellion is almost dead.
You puncture the hellion!
You kill the hellion!
The Council accepts your kill.
No target in view!
(D) Dungeon (T) Temple (L) Lair (A) Shoals (N) Spider Nest (M) Slime Pits (O) Orcish Mines (E) Elven Halls (V) Vaults (C) Crypt (W) Tomb (U) Depths (H) Hell (Z) Zot
Where to? (* - list waypoints, Enter - D:1, ? - help)
What level of the Dungeon? (default 1, ? - help) HP restored.
Magic restored.
There is a stone staircase leading up here.
You climb upwards.
Level annotation: clr
There is a stone staircase leading down here.
You see here a +0 scale mail.
There is an open door here.
There is a staircase leading out of the dungeon here.
You have escaped!

#..............# ##..#
################ ##.#
##############.#
#...........##.# #####
#...........##.#
####...####...........##.#
...).....##...........##.#
......##.##...........##.#
...####...'.....@.....'..#
#### #####...........##.#
# #...........##.# ###
#...........##.#
#.###...........##.#
#..##...........##.#
##.###############.#
#.########### ##.#
#...........####..#


There were no monsters in sight!

Vanquished Creatures
  2 pandemonium lords (D:8)
  5 dread liches
  7 orbs of fire
  Mennas (Vaults:4)
  6 ancient liches
  Mara (Vaults:5)
  Vv (Zot:4)
  Saint Roka (Depths:2)
  2 curse toes (Zot:3)
  3 Killer Klowns
  Parghit (Depths:3)
  A caustic shrike (Depths:1)
  6 golden dragons
  the Enchantress (Depths:1)
  2 bone dragons
  Arachne (Spider:4)
  3 electric golems
  13 tentacled monstrosities
  2 hellephants (Vaults:2)
  Mlioglotl (Spider:1)
  Rupert (D:12)
  7 liches
  10 titans
  3 deep elf master archers (WizLab)
  27 Orb Guardians
  Frances (D:12)
  2 krakens
  Asterion (Elf:3)
  10 death cobs
  6 quicksilver dragons
  2 Executioners
  10 sphinxes
  3 ancient champions
  11 shadow dragons
  9 tengu reavers
  2 thorn hunters (WizLab)
  18 storm dragons
  A nagaraja (Vaults:4)
  Ilsuiw (Shoals:2)
  3 fenstrider witches (WizLab)
  2 revenants
  9 draconian monks
  4 draconian knights
  22 fire giants
  2 cacodemons
  17 vault wardens
  8 frost giants
  3 iron dragons
  2 balrugs (Zot:1)
  4 imperial myrmidons (Desolation)
  3 draconian scorchers
  5 draconian shifters
  6 emperor scorpions
  A curse skull (Crypt:2)
  7 ghost moths
  A caustic shrike zombie (Crypt:3)
  8 war gargoyles
  A draconian stormcaller (Zot:3)
  3 spriggan defenders (Depths:1)
  A caustic shrike skeleton (Crypt:3)
  4 reapers
  4 draconian annihilators
  8 vampire knights
  9 ironbound preservers
  The ghost of Jumeycle the Earth Mage, a journeyman GrEE of Vehumet (D:15)
  A juggernaut skeleton (Crypt:1)
  21 very ugly things
  8 green draconians
  16 stone giants
  The ghost of PyroL the Lord of Darkness, a journeyman DsNe of Kikubaaqudgha (Orc:2)
  A deep elf demonologist (Elf:1)
  7 ironbound thunderhulks
  7 dire elephants
  5 black draconians
  5 spark wasps
  A deep elf annihilator (Vaults:5)
  3 yellow draconians
  Azrael (Orc:2)
  A demonspawn black sun (Depths:4)
  The ghost of ders the Fighter, a journeyman MiFi of Okawaru (Lair:3)
  7 red draconians
  A minotaur (shapeshifter) (Vaults:4)
  8 purple draconians
  3 halazid warlocks (Desolation)
  An eidolon (Crypt:1)
  Snorg (D:12)
  An acid blob zombie (Crypt:1)
  13 white draconians
  A blizzard demon (D:14)
  14 ettins
  A green death (Depths:2)
  18 fire dragons
  3 deep elf death magi
  4 deep elf high priests
  10 merfolk impalers
  5 crystal guardians
  Josephine (D:12)
  8 great orbs of eyes
  4 merfolk javelineers
  3 shambling mangroves (WizLab)
  8 entropy weavers
  8 jiangshi (Crypt:2)
  9 ice dragons
  3 ragged hierophants
  Erolcha (D:9)
  13 yaktaur captains
  4 rakshasas
  4 hydras
  41 vault guards
  12 peacekeepers
  2 ghost crabs (Spider:1)
  2 hell beasts
  4 servants of whispers (Desolation)
  A fenstrider witch skeleton (Crypt:2)
  The ghost of pokeman the Eclecticist, a journeyman DEHW of Vehumet (D:12)
  13 ironbound frosthearts
  2 ogre magi
  4 jorogumos
  A catoblepas (Lair:5)
  7 spriggan air magi
  3 alligator snapping turtles
  6 boulder beetles
  3 death knights
  A spriggan skeleton (Crypt:3)
  5 merfolk aquamancers (Shoals:4)
  2 merfolk avatars
  9 two-headed ogres
  20 centaur warriors
  3 deep troll shamans
  33 dancing weapons
  3 satyrs
  8 deep troll earth magi
  5 tengu warriors (Depths:3)
  10 vampire magi
  4 radroaches
  10 death yaks
  2 hell hogs
  6 spriggan berserkers
  3 naga sharpshooters (WizLab)
  8 orc high priests
  A titan zombie (Crypt:3)
  18 hell knights
  5 soul eaters
  18 deep elf knights
  A sixfirhy (D:8)
  5 pharaoh ants
  4 iron trolls (Depths:2)
  A titan skeleton (Crypt:3)
  2 sun demons
  2 flayed ghosts
  2 shadow wraiths (Crypt:2)
  7 sun moths
  2 glowing orange brains
  12 sea snakes
  A golden dragon zombie (Depths:3)
  34 skeletal warriors
  8 steelbarb worms
  A sea snake (shapeshifter) (Vaults:4)
  42 deep trolls
  13 orb spiders
  9 wizards
  Lodul (D:10)
  A shadow demon (Zot:2)
  20 ironbound convokers
  An orange crystal statue (IceCv)
  2 anaconda skeletons (Crypt:3)
  15 deep elf archers
  A shadow dragon zombie (Crypt:1)
  13 phantasmal warriors
  3 large abominations
  A sphinx zombie (Vaults:4)
  A wolf spider zombie (D:15)
  10 necromancers
  42 harpies
  A harpy (shapeshifter) (Elf:1)
  10 lindwurms
  28 manticores
  14 deep elf pyromancers
  18 deep elf zephyrmancers
  An oklob plant (WizLab)
  An iron dragon zombie (Crypt:3)
  54 ugly things
  An orc sorcerer (D:15)
  A worldbinder (D:12)
  29 fauns
  A salamander (shapeshifter) (D:14)
  17 wolf spiders
  17 cyclopes
  8 elephants (Lair:5)
  A shining eye (shapeshifter) (Depths:1)
  7 centaur zombies (D:15)
  18 moths of wrath
  22 merfolk sirens
  4 guardian serpents
  26 vault sentinels
  4 black mambas
  A black mamba (shapeshifter) (Vaults:4)
  A naga skeleton (Crypt:3)
  A frost giant skeleton (Depths:3)
  3 gargoyles
  A naga mage (D:15)
  7 water nymphs
  2 rust devils (Depths:2)
  2 smoke demons (Depths:2)
  4 storm dragon simulacra (IceCv)
  3 centaur skeletons
  4 orange demons
  A hellion (D:2)
  12 cane toads
  2 yaktaurs (shapeshifter)
  2 kobold demonologists
  8 demonic crawlers
  12 torpor snails
  An unseen horror (D:12)
  4 freezing wraiths
  5 golden dragon simulacra (IceCv)
  10 komodo dragons
  2 guardian mummies (Crypt:1)
  5 tengu conjurers
  42 yaktaurs
  5 rime drakes
  An ice devil (D:15)
  11 trolls
  A harpy skeleton (Crypt:2)
  2 hellwings
  5 polar bears
  2 harpy zombies
  36 merfolk
  5 wind drakes
  A merfolk (shapeshifter) (Depths:4)
  A tarantella (shapeshifter) (Vaults:4)
  5 hornets
  A tarantella zombie (Crypt:1)
  A slime creature (shapeshifter) (Vaults:5)
  42 saltlings
  A sphinx simulacrum (Depths:3)
  26 tarantellas
  A guardian serpent zombie (Crypt:2)
  5 tyrant leeches (Spider:1)
  11 dream sheep
  A culicivora zombie (Crypt:1)
  10 blink frogs
  2 meliai zombies (D:15)
  2 fire dragon zombies
  6 shadows
  8 snapping turtles
  A jumping spider zombie (Crypt:1)
  45 slime creatures
  45 flying skulls
  30 jumping spiders
  Sigmund (D:2)
  A spriggan (shapeshifter) (D:12)
  13 wraiths
  17 culicivoras
  A fire elemental (Orc:2)
  39 yaks
  An alligator skeleton (Crypt:2)
  6 vampires
  21 water elementals
  3 ynoxinuls
  3 wyverns
  A black mamba skeleton (Crypt:3)
  54 redbacks
  A fire bat (shapeshifter) (D:12)
  19 vampire mosquitoes
  2 basilisks
  A chaos spawn (Depths:2)
  6 steam dragons
  A redback (shapeshifter) (Depths:3)
  A naga zombie (Crypt:3)
  2 neqoxecs (Depths:2)
  7 wargs
  2 acid dragons
  18 water moccasins
  A water nymph skeleton (Crypt:1)
  3 hell hounds (Orc:2)
  8 black bears
  A sky beast (shapeshifter) (Vaults:4)
  16 orc warriors
  A sky beast (D:8)
  15 boggarts
  6 ice dragon simulacra (IceCv)
  10 ogres
  16 wolves
  7 centaurs
  A phantom (D:7)
  4 human zombies
  9 kobold brigands
  Blork the orc (D:4)
  A fire crab zombie (Crypt:2)
  A gnoll sergeant (D:5)
  9 bullfrogs
  A draconian skeleton (Crypt:2)
  7 necrophages
  An earth elemental (Elf:1)
  8 scorpions
  12 wights
  15 killer bees
  6 lindwurm simulacra (IceCv)
  6 howler monkeys
  An electric eel (Elf:2)
  A crimson imp (D:4)
  31 orc priests
  2 hounds
  3 jellies
  A black bear zombie (Crypt:2)
  Jessica (D:2)
  9 orc wizards
  3 human skeletons (Crypt:1)
  2 iguanas (D:6)
  11 mummies
  4 adders
  11 gnolls
  2 shadow imps (D:6)
  A white imp (D:5)
  2 worms
  A dart slug (D:1)
  72 orcs
  11 ball pythons
  7 bats
  A bat zombie (Crypt:2)
  5 endoplasms
  3 giant cockroaches
  A gnoll zombie (Ossuary)
  4 goblins
  8 hobgoblins
  5 jackals
  2 quokkas
  5 frilled lizards
  A goblin zombie (D:8)
  3 hobgoblin zombies (Ossuary)
  32 kobolds
  3 kobold zombies (Ossuary)
  An orc zombie (Ossuary)
  4 rats
  2 rat skeletons
  A rat zombie (D:8)
2467 creatures vanquished.

Vanquished Creatures (collateral kills)
  Jorgrun (Elf:2)
  2 storm dragons
  A tengu reaver (Vaults:5)
  A draconian monk (Zot:5)
  A vault warden (Vaults:5)
  A draconian knight (Zot:5)
  A green draconian (Zot:1)
  A black draconian (Zot:2)
  3 white draconians
  A yellow draconian (Zot:4)
  3 red draconians
  A vault guard (Vaults:5)
  A death yak (Lair:1)
  A hell knight (Vaults:2)
  An obsidian statue (Zot:5)
  An orc knight (Vaults:5)
  A vault sentinel (Vaults:5)
  An orc warrior (Vaults:5)
  4 wights
  A gnoll (D:7)
  An orc (Vaults:5)
  3 kobolds
32 creatures vanquished.

Vanquished Creatures (others)
  An Orb Guardian (Zot:5)
  A servant of whispers (Desolation)
  An orc high priest (Elf:2)
  A deep elf knight (Elf:2)
  A cane toad (Lair:1)
  A tarantella (Spider:4)
  A jumping spider (Spider:1)
  A redback (Spider:4)
  17 dancing weapons
  An electric eel (Spider:1)
  An orc wizard (D:9)
  A quokka (D:3)
  16 fungi
  90 plants
  4 tentacles (Shoals:1)
138 creatures vanquished.

Grand Total: 2637 creatures vanquished

Notes
Turn   | Place    | Note
-------+----------+-------------------------------------------
     0 | D:1      | Snarg the Kobold Enchanter began the quest for the Orb.
     0 | D:1      | Reached XP level 1. HP: 10/10 MP: 3/3
    93 | D:1      | Reached XP level 2. HP: 13/16 MP: 5/5
    96 | D:1      | Learned a level 2 spell: Ensorcelled Hibernation
   326 | D:1      | Reached XP level 3. HP: 20/20 MP: 2/6
   331 | D:1      | Learned a level 3 spell: Tukima's Dance
  1103 | D:2      | Noticed Jessica
  1107 | D:2      | Killed Jessica
  1108 | D:2      | Reached skill level 1 in Fighting
  1108 | D:2      | Reached skill level 5 in Stealth
  1108 | D:2      | Reached skill level 1 in Ice Magic
  1108 | D:2      | Reached XP level 4. HP: 25/25 MP: 4/7
  1601 | D:2      | Noticed Sigmund
  2125 | D:3      | Found a white marble altar of Elyvilon.
  2194 | D:3      | Noticed an ogre
  2253 | D:3      | Reached XP level 5. HP: 29/29 MP: 8/8
  2274 | D:3      | Learned a level 3 spell: Dazzling Flash
  2328 | D:3      | Found a glowing golden altar of the Shining One.
  2718 | D:3      | Found a shimmering blue altar of Sif Muna.
  3212 | D:4      | Found an ancient bone altar of Kikubaaqudgha.
  3388 | D:4      | Noticed an ogre
  3517 | D:4      | Noticed Blork the orc
  3871 | D:4      | Reached XP level 6. HP: 35/35 MP: 6/9
  3991 | D:5      | Entered Level 5 of the Dungeon
  4019 | D:5      | Identified the +9 trident of the Empty Page {vorpal, Str+3
                  | Dex+2 SInv}
  4043 | D:5      | Reached skill level 3 in Dodging
  4123 | D:5      | Reached XP level 7. HP: 23/40 MP: 10/10
  4127 | D:5      | Reached skill level 5 in Hexes
  4232 | D:4      | Killed Blork the orc
  4509 | D:4      | Found a radiant altar of Vehumet.
  4509 | D:4      | Found a burning altar of Makhleb.
  4522 | D:4      | Reached skill level 4 in Dodging
  4704 | D:5      | Identified the +7 war axe of the Incandescent {antimagic,
                  | Str+2}
  4799 | D:5      | Found an iron altar of Okawaru.
  4825 | D:5      | Reached XP level 8. HP: 45/45 MP: 6/11
  4997 | D:5      | Found a staircase to the Ecumenical Temple.
  5003 | Temple   | Entered the Ecumenical Temple
  5264 | Temple   | Became a worshipper of the Wu Jian Council
  5994 | D:6      | Reached skill level 5 in Short Blades
  6082 | D:6      | Reached skill level 5 in Dodging
  6453 | D:6      | Reached XP level 9. HP: 26/52 MP: 5/12
  6869 | D:6      | Reached * piety under Wu Jian
  6876 | D:6      | Learned a level 3 spell: Confusing Touch
  7078 | D:6      | Reached skill level 6 in Dodging
  8091 | D:7      | Reached ** piety under Wu Jian
  8282 | D:7      | Found an opulent altar of Gozag.
  8724 | D:7      | Reached XP level 10. HP: 58/58 MP: 13/13
  8745 | D:7      | Identified the +3 falchion of Dunlych {flame, Int+2}
  8878 | D:7      | Reached skill level 7 in Dodging
  9041 | D:2      | Killed Sigmund
  9042 | D:2      | Reached skill level 5 in Fighting
  9922 | D:8      | HP: 2/57 [wight/+4 dagger (8)]
 10002 | D:8      | Found a sand-covered staircase.
 10018 | Ossuary  | Entered an ossuary
 10145 | Ossuary  | Reached *** piety under Wu Jian
 10946 | D:8      | Reached skill level 1 in Conjurations
 11418 | D:9      | Noticed Erolcha
 11436 | D:9      | Found a staircase to the Lair.
 11521 | D:9      | Reached skill level 8 in Dodging
 11559 | D:9      | Noticed a kobold demonologist
 11570 | D:9      | Killed a kobold demonologist
 11571 | D:9      | Reached XP level 11. HP: 55/64 MP: 4/14
 11733 | Lair:1   | Entered Level 1 of the Lair of Beasts
 11794 | D:9      | Found a blossoming altar of Fedhas.
 11796 | D:9      | Reached skill level 10 in Hexes
 12243 | D:9      | Found a shadowy altar of Dithmenos.
 12511 | Lair:1   | Noticed a death yak
 12624 | Lair:1   | Noticed a death yak
 12625 | Lair:1   | Noticed a death yak
 12625 | Lair:1   | Noticed a death yak
 12639 | Lair:1   | Killed a death yak
 12640 | Lair:1   | Reached skill level 10 in Short Blades
 12673 | D:9      | Killed a death yak
 12674 | D:9      | Reached skill level 9 in Dodging
 12720 | D:9      | Killed a death yak
 12720 | D:9      | Reached **** piety under Wu Jian
 12901 | D:9      | Killed a death yak
 13394 | Lair:1   | Reached skill level 1 in Throwing
 13444 | Lair:1   | Reached XP level 12. HP: 56/72 MP: 9/17
 13731 | Lair:1   | Reached skill level 10 in Dodging
 14160 | Lair:2   | Found a staircase to the Shoals.
 14222 | Lair:2   | Noticed an eight-headed hydra
 14403 | Lair:2   | Reached skill level 11 in Dodging
 14407 | Lair:2   | Identified a scroll of acquirement
 14407 | Lair:2   | Acquired the +12 pair of quick blades "Gyre" and "Gimble"
                  | {protect}
 14407 | Lair:2   | Found the +12 pair of quick blades "Gyre" and "Gimble"
                  | {protect}
 14700 | Lair:2   | Found a hole to the Spider Nest.
 15333 | Lair:3   | Reached skill level 10 in Stealth
 15421 | Lair:3   | Found a large runed translucent door.
 15745 | Lair:3   | Noticed a boulder beetle
 15748 | Lair:3   | Killed a boulder beetle
 15749 | Lair:3   | Reached skill level 1 in Evocations
 15773 | Lair:3   | Reached XP level 13. HP: 79/79 MP: 19/19
 15816 | Lair:3   | You fall into a shaft and drop 2 floors!
 15816 | Lair:5   | Entered Level 5 of the Lair of Beasts
 15837 | Lair:5   | Noticed a four-headed hydra
 15840 | Lair:5   | Killed a four-headed hydra
 15866 | Lair:5   | Reached ***** piety under Wu Jian
 15914 | Lair:5   | Noticed a catoblepas
 15917 | Lair:5   | Killed a catoblepas
 16116 | Lair:3   | Found a large runed translucent door.
 16654 | Lair:4   | Reached skill level 5 in Spellcasting
 16656 | Lair:4   | Reached skill level 10 in Fighting
 16662 | Lair:4   | Found a viscous altar of Jiyva.
 16663 | Lair:4   | Found a staircase to the Slime Pits.
 16710 | Lair:4   | Found the +4 skin of Zhor {*Englaciate rC+++ SInv}
 17092 | Lair:4   | Identified the +0 buckler of Floral Awe {-Cast rPois rF+
                  | rC+}
 17318 | Lair:1   | Learned a level 4 spell: Leda's Liquefaction
 18149 | Lair:5   | Reached skill level 1 in Earth Magic
 18187 | Lair:5   | Reached XP level 14. HP: 88/88 MP: 21/21
 18242 | Lair:5   | Reached skill level 5 in Evocations
 18401 | Lair:5   | Reached skill level 12 in Dodging
 18418 | Lair:5   | Noticed a dire elephant
 18443 | Lair:5   | Killed a dire elephant
 19254 | D:10     | Entered Level 10 of the Dungeon
 19275 | D:10     | Noticed Lodul
 19281 | D:10     | Killed Lodul
 19282 | D:10     | Reached skill level 15 in Stealth
 19296 | D:10     | Reached ****** piety under Wu Jian
 19590 | D:10     | Found a staircase to the Orcish Mines.
 19864 | D:10     | Found a glowing silver altar of Zin.
 20223 | Lair:2   | Upgraded the game from 0.30-a0-422-g946f4849ff to
                  | 0.30-a0-424-g7412bad402
 20236 | Lair:2   | Learned a level 3 spell: Mephitic Cloud
 20240 | Lair:2   | Learned a level 3 spell: Swiftness
 20241 | Shoals:1 | Entered Level 1 of the Shoals
 20579 | Shoals:1 | Noticed a kraken
 20591 | Shoals:1 | Killed a kraken
 20604 | Shoals:1 | Reached XP level 15. HP: 96/96 MP: 23/23
 20706 | Shoals:1 | Reached skill level 1 in Air Magic
 21474 | Shoals:1 | Reached skill level 13 in Dodging
 21782 | Shoals:2 | Noticed a kraken
 21821 | Shoals:2 | Killed a kraken
 22216 | Shoals:2 | Reached XP level 16. HP: 105/105 MP: 22/26
 22420 | Shoals:2 | Noticed Ilsuiw
 22459 | Shoals:2 | Reached skill level 1 in Poison Magic
 22717 | Shoals:2 | Reached skill level 14 in Dodging
 22997 | Shoals:3 | Identified the +5 dire flail "Kemmis" {holy, rPois Will+
                  | Int-2}
 23475 | Shoals:3 | Reached skill level 5 in Air Magic
 23476 | Shoals:3 | Reached skill level 5 in Conjurations
 23644 | Shoals:3 | Found a sacrificial altar of Ru.
 23662 | Shoals:3 | Noticed Nikola
 23897 | Spider:1 | Entered Level 1 of the Spider Nest
 23910 | Spider:1 | Noticed an emperor scorpion
 23920 | Spider:1 | Killed an emperor scorpion
 24024 | Spider:1 | Reached skill level 15 in Dodging
 24188 | Spider:1 | Noticed Mlioglotl
 24192 | Spider:1 | Killed Mlioglotl
 24612 | Spider:1 | Reached XP level 17. HP: 111/111 MP: 24/28
 24827 | Spider:1 | Identified the +5 dagger "Tisu" {vorpal, Dex+3}
 25644 | Spider:2 | Reached skill level 16 in Dodging
 25679 | Spider:2 | Identified the ring "Goanemov" {rPois rC+ Str+6 Dex+2
                  | Stlth-}
 27029 | Spider:3 | Reached skill level 15 in Fighting
 28088 | Spider:4 | Entered Level 4 of the Spider Nest
 28199 | Spider:4 | Found a frozen archway.
 28237 | IceCv    | Entered an ice cave
 28741 | IceCv    | Reached XP level 18. HP: 119/119 MP: 30/30
 28880 | IceCv    | Reached skill level 17 in Dodging
 28984 | IceCv    | Identified the ring of Tucuhantul {rF+ rN+}
 31077 | Spider:4 | Noticed Arachne
 31080 | Spider:4 | Killed Arachne
 31179 | Spider:4 | Got a gossamer rune of Zot
 31333 | Spider:4 | Reached skill level 5 in Throwing
 31818 | Orc:1    | Entered Level 1 of the Orcish Mines
 31871 | Orc:1    | Upgraded the game from 0.30-a0-424-g7412bad402 to
                  | 0.30-a0-439-g9e77e4d916
 32029 | Orc:2    | Entered Level 2 of the Orcish Mines
 32068 | Orc:2    | Found a staircase to the Elven Halls.
 32153 | Orc:2    | Found a runed translucent door.
 32717 | Orc:2    | Found Epim's General Store.
 32719 | Orc:2    | Found Ufruly's Jewellery Emporium.
 32752 | Orc:2    | Reached XP level 19. HP: 97/127 MP: 31/31
 32757 | Orc:2    | Found Lagy's Antique Armour Shop.
 32764 | Orc:2    | Noticed Azrael
 32768 | Orc:2    | Found Toawesch's Weapon Emporium.
 32768 | Orc:2    | Killed Azrael
 32769 | Orc:2    | Reached skill level 18 in Dodging
 32820 | Orc:2    | Noticed PyroL's ghost (journeyman DsNe)
 32916 | Orc:2    | Bought a potion of lignification for 30 gold pieces
 32967 | Orc:2    | Bought 4 boomerangs for 30 gold pieces
 33057 | Orc:2    | Bought 2 potions of experience for 1000 gold pieces
 33058 | Orc:2    | Reached XP level 20. HP: 134/134 MP: 32/32
 33059 | Orc:2    | Reached XP level 21. HP: 139/139 MP: 33/33
 33252 | D:9      | Killed Erolcha
 33619 | D:11     | Identified the +2 flail "Zecit" {venom, Contam Dex+3
                  | Stlth+}
 34678 | Shoals:2 | Killed Ilsuiw
 35039 | Shoals:4 | Entered Level 4 of the Shoals
 35846 | Shoals:4 | Reached skill level 15 in Short Blades
 35857 | Shoals:4 | Learned a level 1 spell: Apportation
 35930 | Shoals:4 | Reached skill level 1 in Translocations
 35984 | Shoals:4 | Got a barnacled rune of Zot
 36488 | Shoals:4 | Learned a level 4 spell: Cause Fear
 36891 | Shoals:4 | Found the macabre finger necklace {rN+}
 37297 | Lair:1   | Acquired 1089 gold pieces
 37373 | D:12     | Noticed Josephine
 37379 | D:12     | Killed Josephine
 37453 | D:12     | Noticed Frances
 37461 | D:12     | Killed Frances
 37462 | D:12     | Reached skill level 19 in Dodging
 37594 | D:12     | Noticed Snorg
 37603 | D:12     | Killed Snorg
 37794 | D:12     | Found a transporter.
 37796 | D:12     | Found a transporter.
 37874 | D:12     | Found a one-way gate to the infinite horrors of the Abyss.
 37874 | D:12     | Noticed pokeman's ghost (journeyman DEHW)
 37963 | D:12     | Noticed Rupert
 37965 | D:12     | Killed Rupert
 38749 | D:13     | Found a runed translucent door.
 38759 | D:13     | Reached XP level 22. HP: 144/144 MP: 34/34
 38779 | D:13     | Identified the ring of Pizoll {rF- rN+ Int+6 Dex+6 SInv}
 39221 | D:14     | Found a gate to the Vaults.
 40937 | D:15     | Entered Level 15 of the Dungeon
 40962 | D:15     | Found a burning altar of Makhleb.
 41165 | D:15     | Identified the +0 chain mail of Resilience {MP+9}
 41365 | D:15     | Identified the ring of Guusk {rPois rF+ Int+4}
 41382 | D:15     | Identified the +6 rapier "Nuiriusu" {vorpal, rN+}
 41388 | D:15     | Upgraded the game from 0.30-a0-439-g9e77e4d916 to
                  | 0.30-a0-457-g4b7bca3bfa
 42913 | D:15     | Reached skill level 10 in Evocations
 43016 | D:15     | Found a transporter.
 43018 | D:15     | Noticed Jumeycle's ghost (journeyman GrEE)
 43022 | D:15     | Found a transporter.
 43023 | D:15     | Identified the +10 giant club of Analysis {vamp, rElec rF+
                  | rN+ Stlth-}
 43023 | D:15     | Identified the +7 great mace "Peitiget" {drain, rC+}
 43057 | D:15     | Killed Jumeycle's ghost
 43330 | D:15     | Found a staircase to the Depths.
 43809 | Vaults:1 | Entered Level 1 of the Vaults
 43950 | Vaults:1 | Reached skill level 20 in Dodging
 44308 | Vaults:1 | You fall into a shaft and drop 1 floor!
 44443 | Vaults:2 | Reached XP level 23. HP: 153/153 MP: 36/36
 44543 | Vaults:1 | Reached skill level 21 in Dodging
 44681 | Vaults:1 | Got Sif Muna's Compendium of Hexes
 44692 | Vaults:1 | Learned a level 7 spell: Enfeeble
 45000 | Vaults:1 | Found Ugio's General Store.
 45005 | Vaults:1 | Bought a wand of roots (5) for 216 gold pieces
 45030 | Vaults:1 | Reached skill level 15 in Hexes
 45273 | Vaults:1 | Reached skill level 22 in Dodging
 45531 | Vaults:1 | Learned a level 3 spell: Portal Projectile
 45727 | Vaults:2 | Found a staircase to the Crypt.
 46308 | Vaults:2 | Reached skill level 23 in Dodging
 46589 | Vaults:2 | Found a huge runed gate.
 46589 | Vaults:2 | Found a huge runed gate.
 46590 | Vaults:2 | Found a huge runed gate.
 46590 | Vaults:2 | Found a huge runed gate.
 46591 | Vaults:2 | Found a huge runed gate.
 46592 | Vaults:2 | Found a huge runed gate.
 46593 | Vaults:2 | Found a huge runed gate.
 46594 | Vaults:2 | Found a huge runed gate.
 46595 | Vaults:2 | Found a huge runed gate.
 46596 | Vaults:2 | Found a huge runed gate.
 46597 | Vaults:2 | Found a huge runed gate.
 46598 | Vaults:2 | Found a huge runed gate.
 46607 | Vaults:2 | Found a huge runed gate.
 46607 | Vaults:2 | Found a huge runed gate.
 46608 | Vaults:2 | Found a huge runed gate.
 46609 | Vaults:2 | Found a huge runed gate.
 46610 | Vaults:2 | Found a huge runed gate.
 46611 | Vaults:2 | Found a huge runed gate.
 46612 | Vaults:2 | Found a huge runed gate.
 46613 | Vaults:2 | Found a huge runed gate.
 46614 | Vaults:2 | Found a huge runed gate.
 46619 | Vaults:2 | Found a huge runed gate.
 46619 | Vaults:2 | Found a huge runed gate.
 46619 | Vaults:2 | Found a huge runed gate.
 46620 | Vaults:2 | Found a huge runed gate.
 46621 | Vaults:2 | Found a huge runed gate.
 46622 | Vaults:2 | Found a huge runed gate.
 46623 | Vaults:2 | Found a huge runed gate.
 46624 | Vaults:2 | Found a huge runed gate.
 46625 | Vaults:2 | Found a huge runed gate.
 46630 | Vaults:2 | Found a huge runed gate.
 46630 | Vaults:2 | Found a huge runed gate.
 46630 | Vaults:2 | Found a huge runed gate.
 46631 | Vaults:2 | Found a huge runed gate.
 46632 | Vaults:2 | Found a huge runed gate.
 46633 | Vaults:2 | Found a huge runed gate.
 47561 | Vaults:3 | Identified the +7 trident of Spite {pain, rElec Dex+3}
 48903 | Vaults:4 | Reached XP level 24. HP: 160/160 MP: 36/36
 49009 | Vaults:4 | Found a magical portal.
 49026 | WizLab   | Entered Eringya's Formal Garden
 49558 | WizLab   | Learned a level 2 spell: Blink
 49720 | WizLab   | Found a blossoming altar of Fedhas.
 50695 | Vaults:4 | Identified the +2 leather armour "Titoikocw" {rF+}
 51417 | Vaults:4 | Reached skill level 10 in Spellcasting
 52108 | Vaults:4 | Found the +27 heavy crossbow "Sniper" {vorpal, Acc+∞ SInv}
 52127 | Vaults:4 | Identified the +7 quarterstaff of the Foremost Curses
                  | {venom, rPois rC+ Dex+2}
 53874 | Vaults:4 | Reached skill level 10 in Throwing
 53874 | Vaults:4 | Reached XP level 25. HP: 165/165 MP: 36/37
 54320 | Elf:1    | Entered Level 1 of the Elven Halls
 54422 | Elf:1    | Found a crumbling gateway.
 54447 | Desolati | Entered the Desolation of Salt
 54566 | Desolati | Reached skill level 24 in Dodging
 54573 | Desolati | Got the Atlas of Vile Snow
 54575 | Desolati | Got the Encyclopedia of the Commander
 54930 | Desolati | Identified the amulet of Jofibrie {Faith +Inv Dex+2}
 54943 | Desolati | Identified the +1 plate armour of the Gastropod {Will+}
 54950 | Desolati | Learned a level 5 spell: Summon Mana Viper
 54984 | Desolati | Reached skill level 1 in Summonings
 55075 | Desolati | Found the +8 Vampire's Tooth {vamp}
 55086 | Desolati | Identified the +0 shortbow "Killer Bee's Death" {drain,
                  | Will+ Int+4 Dex+3}
 56086 | Elf:1    | Found Forafael's General Store.
 57089 | Elf:1    | Identified the +8 quarterstaff "Woil" {protect, +Blink
                  | rElec MP-9}
 57181 | Elf:2    | Identified the +1 cloak "Vipati" {rPois MP+9}
 57332 | Elf:2    | Reached skill level 25 in Dodging
 57436 | Elf:2    | Found Keostit's Antique Weapon Boutique.
 57446 | Elf:2    | Found Xujepof's Book Shop.
 57620 | Elf:2    | Found a runed translucent gate.
 57620 | Elf:2    | Found a runed translucent gate.
 57620 | Elf:2    | Found a runed translucent gate.
 57861 | Elf:2    | Noticed Jorgrun
 57874 | Elf:2    | Killed Jorgrun
 58484 | Depths:1 | Entered Level 1 of the Depths
 58636 | Depths:1 | Found a huge runed gate.
 58636 | Depths:1 | Found a huge runed gate.
 58636 | Depths:1 | Found a huge runed gate.
 58636 | Depths:1 | Found a huge runed gate.
 58637 | Depths:1 | Found a huge runed gate.
 58638 | Depths:1 | Found a huge runed gate.
 58639 | Depths:1 | Found a huge runed gate.
 58640 | Depths:1 | Found a huge runed gate.
 58641 | Depths:1 | Found a huge runed gate.
 58642 | Depths:1 | Found a huge runed gate.
 58643 | Depths:1 | Found a huge runed gate.
 58657 | Depths:1 | Found Wesemott's Jewellery Shop.
 58657 | Depths:1 | Found Ynibrosmi's Jewellery Shop.
 58658 | Depths:1 | Found Negyuff's Book Emporium.
 58697 | Depths:1 | Reached skill level 26 in Dodging
 58785 | Depths:1 | Noticed the Enchantress
 58790 | Depths:1 | Killed the Enchantress
 58791 | Depths:1 | Reached XP level 26. HP: 172/172 MP: 30/37
 60314 | D:12     | Identified the +1 helmet of Xufudio {rElec rF+}
 60372 | D:12     | Killed pokeman's ghost
 60641 | Lair:3   | Noticed ders's ghost (journeyman MiFi)
 60644 | Lair:3   | Killed ders's ghost
 60819 | Orc:2    | Killed PyroL's ghost
 61091 | Depths:1 | Found a huge runed gate.
 61091 | Depths:1 | Found a huge runed gate.
 61094 | Depths:1 | Found a huge runed gate.
 61095 | Depths:1 | Found a huge runed gate.
 61096 | Depths:1 | Found a huge runed gate.
 61097 | Depths:1 | Found a huge runed gate.
 61106 | Depths:1 | Found a huge runed gate.
 61106 | Depths:1 | Found a huge runed gate.
 61106 | Depths:1 | Found a huge runed gate.
 61106 | Depths:1 | Found a huge runed gate.
 61106 | Depths:1 | Found a huge runed gate.
 61113 | Depths:1 | Found a huge runed gate.
 61113 | Depths:1 | Found a huge runed gate.
 61113 | Depths:1 | Found a huge runed gate.
 61114 | Depths:1 | Found a huge runed gate.
 61115 | Depths:1 | Found a huge runed gate.
 61116 | Depths:1 | Found a huge runed gate.
 61117 | Depths:1 | Found a huge runed gate.
 61118 | Depths:1 | Found a huge runed gate.
 61119 | Depths:1 | Found a huge runed gate.
 61124 | Depths:1 | Found a huge runed gate.
 61124 | Depths:1 | Found a huge runed gate.
 61124 | Depths:1 | Found a huge runed gate.
 61125 | Depths:1 | Found a huge runed gate.
 61126 | Depths:1 | Found a huge runed gate.
 61468 | Depths:1 | Found a gateway to Hell.
 61901 | Depths:1 | Identified the +6 glaive "Hydrabane" {spect, *Noise rElec
                  | rPois Dex-4}
 62066 | Depths:2 | Found a one-way gateway to a ziggurat.
 62196 | Depths:2 | Noticed Saint Roka
 62208 | Depths:2 | Killed Saint Roka
 62328 | Depths:2 | Found a transporter.
 62774 | Depths:2 | Found a one-way gate leading to the halls of Pandemonium.
 63014 | Depths:3 | Found a transporter.
 63017 | Depths:3 | Found a transporter.
 63037 | Depths:3 | Reached skill level 5 in Armour
 63077 | Depths:3 | Noticed Parghit
 63081 | Depths:3 | Killed Parghit
 63275 | Depths:3 | Found a runed translucent door.
 63285 | Depths:3 | Found a runed translucent door.
 63506 | Depths:3 | Found a transporter.
 63508 | Depths:3 | Found a transporter.
 63681 | Depths:3 | Noticed Boris
 63726 | Depths:3 | Found a transporter.
 63730 | Depths:3 | Found a transporter.
 63743 | Depths:3 | Reached XP level 27. HP: 176/176 MP: 38/38
 63749 | Depths:3 | Identified the +6 trident of Cheibriados, Burning {elec,
                  | Fly Int+5}
 64339 | Depths:3 | Found a hazy altar of Hepliaklqana.
 64374 | Depths:4 | Entered Level 4 of the Depths
 65067 | Depths:4 | Reached skill level 27 in Dodging
 65184 | Depths:4 | Reached skill level 1 in Shields
 65946 | Depths:4 | Found a gate to the Realm of Zot.
 67157 | Crypt:1  | Entered Level 1 of the Crypt
 68338 | Crypt:1  | Reached skill level 5 in Shields
 68488 | Crypt:1  | Identified the +11 long sword of Jeoh {vamp, Fly rF++ rN+
                  | Dex-5}
 68563 | Crypt:1  | You fall into a shaft and drop 1 floor!
 68973 | Lair:1   | Upgraded the game from 0.30-a0-457-g4b7bca3bfa to
                  | 0.30-a0-458-g86641cc369
 69006 | Lair:1   | Learned a level 5 spell: Silence
 70730 | Crypt:2  | Found the +3 pair of mountain boots {steadfast, rC+}
 71464 | Crypt:3  | Entered Level 3 of the Crypt
 72875 | Crypt:3  | Found a staircase to the Tomb.
 72982 | Crypt:3  | Found a basalt altar of Yredelemnul.
 72982 | Crypt:3  | Noticed an ancient lich
 72993 | Crypt:3  | Killed an ancient lich
 73038 | Crypt:3  | Identified the ring of Doubts {rF+ rN+ Will+ Int-5 Dex+7}
 73038 | Crypt:3  | Identified the ring "Jithry" {rN+ rCorr}
 73038 | Crypt:3  | Identified the ring of the Oligarchy {*Slow rElec rPois rC+
                  | rN+}
 74564 | Lair:1   | Acquired the amulet "Sixec" {Regen+ rCorr Int+4 Stlth+}
 74566 | Lair:1   | Acquired the ring "Baqesk" {+Blink EV+4}
 74738 | Elf:3    | Entered Level 3 of the Elven Halls
 75204 | Elf:3    | Noticed Asterion
 75207 | Elf:3    | Killed Asterion
 75319 | Elf:3    | Upgraded the game from 0.30-a0-458-g86641cc369 to
                  | 0.30-a0-534-gdc55766716
 76219 | Vaults:5 | Entered Level 5 of the Vaults
 76219 | Vaults:5 | Noticed Mennas
 77083 | Vaults:5 | Noticed a dread lich
 77110 | Vaults:5 | Paralysed by a dread lich for 5 turns
 77120 | Vaults:5 | Killed a dread lich
 77122 | Vaults:5 | Identified the +6 shortbow of Tortfeasance {speed, Dex+3
                  | Stlth+}
 77886 | Vaults:5 | Paralysed by a sphinx for 5 turns
 77904 | Vaults:4 | Paralysed by a sphinx for 3 turns
 77913 | Vaults:4 | Paralysed by a sphinx for 4 turns
 77954 | Vaults:5 | Identified the +5 falchion "Weghiuho" {holy, rF+ rCorr
                  | MP+9}
 78071 | Vaults:5 | Paralysed by a sphinx for 4 turns
 78093 | Vaults:5 | Identified the +9 long sword "Luvuw" {protect, Dex+4}
 78217 | Vaults:5 | Identified the +0 flail of Myesitie {freeze, +Blink rElec
                  | rPois}
 78323 | Vaults:4 | Killed Mennas
 78376 | Vaults:5 | Noticed a dread lich
 78486 | Vaults:4 | Paralysed by a dread lich for 5 turns
 78529 | Vaults:4 | Killed a dread lich
 78897 | Vaults:5 | Noticed Mara
 79557 | Vaults:5 | Noticed Snarg's illusion
 79809 | Vaults:5 | Noticed Snarg's illusion
 79950 | Vaults:5 | Killed Mara
 79951 | Vaults:5 | Reached skill level 1 in Ranged Weapons
 80850 | Vaults:5 | Found Utuses's Magic Scroll Shop.
 81060 | Vaults:5 | Got the Anthology of Windy Toxins
 81114 | Vaults:5 | Noticed an ancient lich
 81149 | Vaults:5 | Killed an ancient lich
 81487 | Vaults:5 | Got a silver rune of Zot
 81676 | Vaults:5 | Upgraded the game from 0.30-a0-534-gdc55766716 to
                  | 0.30-a0-540-g0af01429fa
 82289 | Zot:1    | Entered Level 1 of the Realm of Zot
 82348 | Zot:1    | Paralysed by a Zot trap for 4 turns
 83016 | Zot:1    | Upgraded the game from 0.30-a0-540-g0af01429fa to
                  | 0.30-a0-553-g7fabdf1491
 83995 | Zot:1    | Upgraded the game from 0.30-a0-553-g7fabdf1491 to
                  | 0.30-a0-557-ge2afbf3030
 84022 | Zot:1    | Identified the +1 ring mail of Yesterday {rF+ Will+}
 86100 | Zot:3    | Noticed a Killer Klown
 86103 | Zot:3    | Killed a Killer Klown
 86513 | Zot:3    | Noticed an orb of fire
 86516 | Zot:3    | Killed an orb of fire
 86990 | Zot:4    | Noticed an orb of fire
 86993 | Zot:4    | Killed an orb of fire
 88532 | Lair:1   | Acquired the +1 helmet "Sioleq" {Contam Regen+ Int+8
                  | Stlth-}
 89397 | Zot:4    | Noticed Vv
 91110 | Zot:4    | Got the Handbook of Unstable Intoxication
 91116 | Zot:4    | Learned a level 4 spell: Passage of Golubria
 91337 | Zot:4    | Killed Vv
 91507 | Zot:4    | Upgraded the game from 0.30-a0-557-ge2afbf3030 to
                  | 0.30-a0-591-g3c58d2bc28
 91527 | Zot:5    | Entered Level 5 of the Realm of Zot
 92311 | Zot:5    | Reached skill level 5 in Translocations
 92330 | Zot:5    | Noticed an ancient lich
 92333 | Zot:5    | Noticed an ancient lich
 92349 | Zot:5    | Killed an ancient lich
 92351 | Zot:5    | Killed an ancient lich
 92364 | Zot:5    | Noticed an orb of fire
 92369 | Zot:5    | Gained mutation: Your magical capacity is low. (-10% MP)
                  | [an orb of fire]
 92370 | Zot:5    | Gained mutation: You have hidden genetic defects. [an orb
                  | of fire]
 92387 | Zot:5    | Gained mutation: Your magical capacity is very low. (-20%
                  | MP) [an orb of fire]
 92388 | Zot:5    | Killed an orb of fire
 92393 | Zot:5    | Noticed an ancient lich
 92394 | Zot:5    | Noticed a dread lich
 92395 | Zot:5    | Noticed a Killer Klown
 92399 | Zot:5    | Noticed a dread lich
 92404 | Zot:5    | Noticed an ancient lich
 92408 | Zot:5    | Noticed an orb of fire
 92409 | Zot:5    | Noticed an orb of fire
 92409 | Zot:5    | Noticed a Killer Klown
 92412 | Zot:5    | Killed an ancient lich
 92419 | Zot:5    | Gained mutation: You are weak. (Str -2) [an orb of fire]
 92421 | Zot:5    | Gained mutation: You are frail. (-10% HP) [an orb of fire]
 92425 | Zot:5    | Killed a Killer Klown
 92425 | Zot:5    | Gained mutation: You are dopey. (Int -2) [an orb of fire]
 92428 | Zot:5    | Gained mutation: You do not regenerate when monsters are
                  | visible. [an orb of fire]
 92428 | Zot:5    | Lost mutation: Your magical capacity is very low. (-20% MP)
                  | [an orb of fire]
 92429 | Zot:5    | Killed an orb of fire
 92431 | Zot:5    | Killed an orb of fire
 92439 | Zot:5    | Gained mutation: You are very weak. (Str -4) [hidden
                  | defects]
 92449 | Zot:5    | Killed an ancient lich
 92451 | Zot:5    | Noticed an orb of fire
 92868 | Lair:1   | Lost mutation: You have hidden genetic defects. [potion of
                  | mutation]
 92868 | Lair:1   | Lost mutation: You are very weak. (Str -4) [potion of
                  | mutation]
 92868 | Lair:1   | Lost mutation: Your magical capacity is low. (-10% MP)
                  | [potion of mutation]
 92868 | Lair:1   | Lost mutation: You are dopey. (Int -2) [potion of mutation]
 92868 | Lair:1   | Gained mutation: You have a pair of small horns on your
                  | head. [potion of mutation]
 92869 | Lair:1   | Lost mutation: You are frail. (-10% HP) [potion of
                  | mutation]
 92869 | Lair:1   | Lost mutation: You have a pair of small horns on your head.
                  | [potion of mutation]
 92869 | Lair:1   | Lost mutation: You do not regenerate when monsters are
                  | visible. [potion of mutation]
 92869 | Lair:1   | Gained mutation: You are frail. (-10% HP) [potion of
                  | mutation]
 92875 | Lair:1   | Lost mutation: You are frail. (-10% HP) [potion of
                  | mutation]
 92875 | Lair:1   | Lost mutation: You are weak. (Str -2) [potion of mutation]
 92875 | Lair:1   | Gained mutation: You expend magic power (3 MP) to
                  | strengthen your wands. [potion of mutation]
 92875 | Lair:1   | Gained mutation: You do not regenerate when monsters are
                  | visible. [potion of mutation]
 92875 | Lair:1   | Gained mutation: Armour fits poorly on your strangely
                  | shaped body. [potion of mutation]
 92875 | Lair:1   | Gained mutation: You have a pair of small antennae on your
                  | head. [potion of mutation]
 92876 | Lair:1   | Lost mutation: You expend magic power (3 MP) to strengthen
                  | your wands. [potion of mutation]
 92876 | Lair:1   | Lost mutation: You have a pair of small antennae on your
                  | head. [potion of mutation]
 92876 | Lair:1   | Gained mutation: You sometimes lose your temper in combat.
                  | [potion of mutation]
 92876 | Lair:1   | Gained mutation: You are partially covered in iridescent
                  | scales. (AC +2) [potion of mutation]
 92943 | Lair:3   | Lost mutation: You sometimes lose your temper in combat.
                  | [potion of mutation]
 92943 | Lair:3   | Lost mutation: You do not regenerate when monsters are
                  | visible. [potion of mutation]
 92943 | Lair:3   | Lost mutation: Armour fits poorly on your strangely shaped
                  | body. [potion of mutation]
 92943 | Lair:3   | Gained mutation: You are dopey. (Int -2) [potion of
                  | mutation]
 92943 | Lair:3   | Gained mutation: You passively dampen the noise of your
                  | surroundings. [potion of mutation]
 92943 | Lair:3   | Gained mutation: Your muscles are strong. (Str +4, Int/Dex
                  | -1) [potion of mutation]
 93566 | Zot:5    | Gained mutation: Your magical capacity is low. (-10% MP)
                  | [an orb of fire]
 93584 | Zot:5    | Gained mutation: You are frail. (-10% HP) [an orb of fire]
 93597 | Zot:5    | Killed an orb of fire
 93742 | Zot:5    | Noticed an orb of fire
 93750 | Zot:5    | Killed a dread lich
 93752 | Zot:5    | Gained mutation: You sometimes lose your temper in combat.
                  | [an orb of fire]
 93768 | Zot:5    | Gained mutation: Your body sometimes deteriorates upon
                  | taking damage. [an orb of fire]
 93778 | Zot:5    | Killed an orb of fire
 93782 | Zot:5    | Paralysed by a dread lich for 5 turns
 93891 | Zot:1    | Lost mutation: You are partially covered in iridescent
                  | scales. (AC +2) [potion of mutation]
 93891 | Zot:1    | Lost mutation: You passively dampen the noise of your
                  | surroundings. [potion of mutation]
 93891 | Zot:1    | Lost mutation: Your magical capacity is low. (-10% MP)
                  | [potion of mutation]
 93891 | Zot:1    | Lost mutation: You sometimes lose your temper in combat.
                  | [potion of mutation]
 93891 | Zot:1    | Gained mutation: You sometimes lose your temper in combat.
                  | [potion of mutation]
 93891 | Zot:1    | Gained mutation: You occasionally shout uncontrollably at
                  | your foes. [potion of mutation]
 93891 | Zot:1    | Gained mutation: You are partially covered in iridescent
                  | scales. (AC +2) [potion of mutation]
 93892 | Zot:1    | Lost mutation: Your body sometimes deteriorates upon taking
                  | damage. [potion of mutation]
 93892 | Zot:1    | Lost mutation: You sometimes lose your temper in combat.
                  | [potion of mutation]
 93892 | Zot:1    | Lost mutation: You are dopey. (Int -2) [potion of mutation]
 93892 | Zot:1    | Lost mutation: You occasionally shout uncontrollably at
                  | your foes. [potion of mutation]
 93892 | Zot:1    | Gained mutation: You sometimes lose your temper in combat.
                  | [potion of mutation]
 93892 | Zot:1    | Gained mutation: Your flesh is heat resistant. (rF+)
                  | [potion of mutation]
 93892 | Zot:1    | Gained mutation: You are mostly covered in iridescent
                  | scales. (AC +4) [potion of mutation]
 94263 | Zot:5    | Killed a dread lich
 94396 | Zot:5    | Killed a Killer Klown
 94425 | Zot:5    | Noticed a dread lich
 94430 | Zot:5    | Killed a dread lich
 94558 | Zot:5    | Upgraded the game from 0.30-a0-591-g3c58d2bc28 to
                  | 0.30-a0-777-ga9a30cbeda
 94559 | Zot:5    | Got the Orb of Zot
 94620 | Zot:5    | Noticed Tuton the pandemonium lord
 94635 | Zot:4    | Lost mutation: You sometimes lose your temper in combat.
                  | [potion of mutation]
 94635 | Zot:4    | Lost mutation: Your flesh is heat resistant. (rF+) [potion
                  | of mutation]
 94635 | Zot:4    | Lost mutation: Your muscles are strong. (Str +4, Int/Dex
                  | -1) [potion of mutation]
 94635 | Zot:4    | Gained mutation: You are clumsy. (Dex -2) [potion of
                  | mutation]
 94635 | Zot:4    | Gained mutation: Your muscles are strong. (Str +4, Int/Dex
                  | -1) [potion of mutation]
 95210 | D:9      | Noticed Zuewog the pandemonium lord
 95268 | D:8      | Killed Zuewog the pandemonium lord
 95309 | D:8      | Noticed Adghug the pandemonium lord
 95318 | D:8      | Killed Adghug the pandemonium lord
 95511 | D:$      | Escaped with the Orb!

Illustrated notes

Levels and vault maps discovered:
D:1:      psy_arrival_statuary, layout_basic, serial_curves, eino_curves_04,
          eino_curves_03, eino_curves_04
D:2:      layout_loops_ring, serial_aquarium, aquarium_bridge_straight
          [aquarium_subvault_bridge, aquarium_subvault_window,
          aquarium_subvault_bridge, aquarium_subvault_wall],
          aquarium_bridge_square [aquarium_subvault_window,
          aquarium_subvault_wall, aquarium_subvault_bridge,
          aquarium_subvault_balcony], aquarium_window_fake,
          aquarium_window_fake, aquarium_window_2, aquarium_view_2b,
          aquarium_view_2d, aquarium_pool_S, uniq_sigmund, uniq_jessica
D:3:      layout_basic, mainiacjoe_overflow_tiny_flanked, elyvilon_altar_4,
          tso_metal_star, kennysheep_generic_room_15
D:4:      layout_basic, grunt_temple_overflow_lords_of_destruction,
          kiku_gazebo_pond_becter, uniq_blork_the_orc
D:5:      wander_river, layout_rooms, okawaru_ov_weapons_minmay,
          minmay_temple_entry_nine_rooms, lightli_minifort
D:6:      layout_loops_cross, nicolae_underground_beach
D:7:      layout_basic, grunt_gozag_statues, minmay_door_square
D:8:      layout_gridville, enter_ossuary_4
D:9:      layout_loops_ring, mainiacjoe_overflow_brackets,
          mainiacjoe_overflow_cross_hatched, dpeg_oklobed_lair,
          minmay_chambers_of_fives, uniq_erolcha
D:10:     layout_irregular_city, zin_treasury, orc_0_dummy,
          hangedman_decor_push, st_stairs_5, uniq_lodul
D:11:     layout_loops_corners, grunt_decor_mini_mirrors
D:12:     layout_roguey, gammafunk_ghost_abyssal_escape, minivault_4,
          small_statue_alley_a, uniq_rupert, uniq_josephine, uniq_frances,
          uniq_snorg
D:13:     layout_cave_pods, minivault_13
D:14:     minmay_the_grid_3x3 [minmay_the_grid_stretched_grid,
          minmay_the_grid_zigzag_pyramid, minmay_the_grid_tiny_cups,
          minmay_the_grid_eight, minmay_the_grid_dragon_a,
          minmay_the_grid_expand, minmay_the_grid_garden,
          minmay_the_grid_minigrid_medium, minmay_the_grid_prize_big_room],
          layout_grid_maze, kennysheep_decorative_pillar, grunt_tough_drop
D:15:     grunt_enter_depths_magical_seal, layout_stronghold,
          gammafunk_ghost_smash, serial_undead, serial_undead_a,
          serial_undead_c, serial_undead_f, serial_undead_e,
          lemuel_doored_altar, fake_guardian_serpent_vault
Temple:   nicolae_temple_bog_church
Lair:1:   layout_roguey, grunt_megastairs_3
Lair:2:   layout_regular_city, elwin_shoals_entry_stream,
          spider_nest_entry_rubble, grunt_megastairs_2
Lair:3:   layout_layer_cave, ebering_ghost_disaster_area, beast_lair_carwin_8
Lair:4:   layout_regular_city, slime_entry_1, hellmonk_guarded_unrand_zhor
Lair:5:   gammafunk_lair_ancient_temple, layout_concentric_octagons,
          lemuel_old_faithful, infiniplex_staircase_pool_2
Shoals:1: layout_shoals, hangedman_shoals_cup_caves
Shoals:2: layout_shoals, nzn_prometheus_bound, uniq_ilsuiw
Shoals:3: layout_shoals, lemuel_altar_in_water, uniq_nikola
Shoals:4: shoals_end_grunt_ice, layout_shoals
Spider:1: nicolae_spider_mines_3, nicolae_spider_circle_web, drop_trap,
          nicolae_spider_swamp_cousins, uniq_mlioglotl
Spider:2: layout_cave_pods
Spider:3: layout_cave_pods, nicolae_spider_eight_legs
Spider:4: johnstein_spider_rune_arachne_lair, portal_ice_cave_entry_ugly_swarm
Orc:1:    layout_caves
Orc:2:    st_orc_town, layout_caves, hellmonk_ghost_happy_afterlife, uniq_azrael
Elf:1:    layout_loops_corners, serial_shops, nicolae_shop_trees,
          portal_desolation_entry_nicolae_nacl, evilmike_minifort, st_stairs_13,
          einodemon_barbed_minivault
Elf:2:    elven_hall_of_blades_hangedman_original
          [nicolae_blade_entry_hurt_lockers], layout_geoelf_octagon,
          fountainhead, minmay_shoptagon, uniq_jorgrun
Elf:3:    minmay_elf_hall_dome, layout_geoelf_castle, uniq_asterion
Vaults:1: hangedman_vaults_stream, v_rooms_4, v_pattern_3,
          nicolae_vaults_diagonal_hallway_7, v_misc_29, nicolae_vaults_asterisk,
          vaults_room_hangedman_quadrants, ontoclasm_vaults_ring_small,
          v_misc_27, nicolae_vaults_yaktaur_gun_rack, layout_vaults_big_room,
          serial_shops, shop
Vaults:2: ontoclasm_vaults_gateway, minmay_crypt_entry_vampire_xt,
          vaults_dpeg_encased_lava, nicolae_vaults_puzzle_piece,
          not_door_vault_due, v_misc_12, nicolae_vaults_network_square,
          v_rooms_6, vaults_dpeg_spiral, dpeg_vaults_monster_row,
          v_alt_pattern_1, vaults_room_corners, layout_vaults_ring
Vaults:3: nicolae_vaults_twisting_passages, nicolae_vaults_diagonal_hallway_9,
          v_misc_27, vaults_room_stairs_pillars, ontoclasm_vaults_eye,
          hangedman_vaults_snaps, vaults_dpeg_hooks,
          nicolae_vaults_little_squares_4, layout_vaults_quadrants
Vaults:4: infiniplex_enter_wizlab_spiral, hangedman_vaults_river_flow,
          v_alt_pattern_1, st_greater_box_3, nicolae_vaults_theta,
          nicolae_vaults_network_star, vaults_mumra_hex, v_misc_13, v_misc_14,
          nicolae_vaults_little_squares_2, vaults_mumra_chevron,
          hangedman_vaults_corner, nicolae_vaults_border_crossing,
          layout_vaults_omnibox
Vaults:5: uniq_mennas, uniq_mara
Crypt:1:  layout_chaotic_city, minivault_4, grunt_crypt_arrival_guarded_gate,
          grunt_megastairs_5
Crypt:2:  layout_catacombs, serial_sigils_hangedman_snap, fountainhead
Crypt:3:  cryptofortress_bobbens
Depths:1: layout_gridville, pf_coc_iceberg, chequers_serial_rivers_micro_e,
          door_vault, minmay_shop_grove, uniq_enchantress
Depths:2: gammafunk_sealed_library, layout_basic, enter_ziggurat_e,
          grunt_mini_vestibule, grunt_pan_entry_in_and_out, hex_medium,
          uniq_saint_roka
Depths:3: minmay_expanding_circles, layout_gridlike, hell_entry, abyss_entry,
          lemuel_coloured_pillars_altar, serial_nicolae_subway,
          nicolae_sub_station_stone, nicolae_sub_station_metal,
          nicolae_sub_station_crystal, infiniplex_staircase_pillars_1,
          uniq_parghit, uniq_boris
Depths:4: grunt_zot_entry_tricorne, layout_honeycomb, minmay_misc_feat_tiny,
          marbit_kobold_abyss_entry, hell_entry
Zot:1:    minmay_elemental_castle, layout_onion
Zot:2:    layout_gridlike
Zot:3:    layout_concentric_octagons
Zot:4:    layout_misc_corridors, skrybe_zot_glass_3, uniq_vv
Zot:5:    layout_gridlike, grunt_ministairs_9

Skill      XL: |  1  2  3  4  5  6  7  8  9 10 11 12 13 14 15 16 17 18 19 20 21 22 23 24 25 26 27 |
---------------+----------------------------------------------------------------------------------+-----
Short Blades   | 2 3 4 5 7 9 11 13 14 16 18 20 | 20.4
Fighting       | 1 2 3 4 5 7 8 10 12 13 14 15 16 17 18 19 22 | 22.0
Stealth        | 5 6 8 10 14 15 16 17 18 19 20 21 22 26 | 26.7
Ice Magic      | 1 2 3 |  3.0
Hexes          | 4 5 7 8 9 10 11 12 13 14 17 19 20 23 | 23.0
Dodging        | 3 4 5 6 8 9 11 12 13 15 16 17 18 19 20 23 26 27 | 27.0
Conjurations   | 2 4 5 |  5.0
Throwing       | 1 2 3 6 8 10 | 10.0
Spellcasting   | 3 4 5 7 8 9 10 11 13 | 13.5
Evocations     | 1 4 6 8 10 11 13 | 13.0
Earth Magic    | 1 2 3 4 |  4.0
Air Magic      | 4 5 |  5.0
Poison Magic   | 2 |  2.0
Armour         | 2 5 8 |  8.6
Translocations | 4 8 |  8.0
Summonings     | 2 |  2.0
Shields        | 9 |  9.4
Ranged Weapons | 1 |  1.1
Axes           | |  0.5
Maces & Flails | |  0.5
Polearms       | |  0.3
Necromancy     | |  0.4
Transmutations | |  0.4
Fire Magic     | |  0.6
Invocations    | |  0.5

Action                     |  1- 3 |  4- 6 |  7- 9 | 10-12 | 13-15 | 16-18 | 19-21 | 22-24 | 25-27 || total
---------------------------+-------+-------+-------+-------+-------+-------+-------+-------+-------++-------
  Melee: Dagger            |    49 |   116 |   108 |   223 |       |       |       |       |       ||   496
         Punch             |     1 |     2 |     3 |       |       |       |       |       |       ||     6
         Rapier            |       |       |    87 |   162 |       |       |       |       |       ||   249
         Pair of quick bla |       |       |       |    39 |   556 |  1345 |   604 |  1470 |  1589 ||  5603
         Quick blade       |       |       |       |       |       |       |       |       |  4795 ||  4795
         Long sword        |       |       |       |       |       |       |       |       |    17 ||    17
  Throw: Stone             |     1 |       |       |     4 |       |       |       |       |       ||     5
         Dart              |       |       |       |       |     2 |     6 |       |       |     2 ||    10
         Boomerang         |       |       |       |       |       |     1 |       |     1 |    25 ||    27
   Cast: Ensorcelled Hiber |     7 |    22 |    38 |    35 |    10 |    14 |       |       |       ||   126
         Tukima's Dance    |       |       |    17 |    10 |       |    11 |     4 |    20 |    56 ||   118
         Dazzling Flash    |       |       |     2 |    18 |     9 |    20 |     8 |    14 |    72 ||   143
         Confusing Touch   |       |       |       |       |     4 |    14 |       |       |     4 ||    22
         Leda's Liquefacti |       |       |       |       |     2 |     9 |     1 |    18 |    29 ||    59
         Swiftness         |       |       |       |       |       |     3 |       |     1 |     1 ||     5
         Mephitic Cloud    |       |       |       |       |       |       |     1 |       |     3 ||     4
         Enfeeble          |       |       |       |       |       |       |       |    37 |   163 ||   200
         Summon Mana Viper |       |       |       |       |       |       |       |       |    13 ||    13
         Portal Projectile |       |       |       |       |       |       |       |       |     3 ||     3
         Passage of Golubr |       |       |       |       |       |       |       |       |     3 ||     3
         Apportation       |       |       |       |       |       |       |       |       |     2 ||     2
         Blink             |       |       |       |       |       |       |       |       |     1 ||     1
         Silence           |       |       |       |       |       |       |       |       |     1 ||     1
 Invoke: Serpent's Lash    |       |       |       |       |     1 |     4 |       |       |     5 ||    10
         Heavenly Storm    |       |       |       |       |     1 |     1 |     1 |     3 |     2 ||     8
Ability: Lunge             |       |       |    20 |    61 |    84 |   129 |    77 |   177 |   344 ||   892
         Whirlwind         |       |       |     8 |    60 |    89 |   225 |    93 |   203 |   927 ||  1605
         Wall Jump         |       |       |       |     6 |     1 |    15 |     5 |    10 |    66 ||   103
  Evoke: Wand              |       |       |     2 |     1 |     3 |     9 |       |     1 |    27 ||    43
         Tin of tremorston |       |       |       |       |       |       |     1 |     1 |     9 ||    11
         Phantom mirror    |       |       |       |       |       |       |       |       |     5 ||     5
         Condenser vane    |       |       |       |       |       |       |       |       |     3 ||     3
         Phial of floods   |       |       |       |       |       |       |       |       |     2 ||     2
    Use: Scroll            |       |     8 |     3 |     9 |     6 |     1 |     2 |     2 |    18 ||    49
         Potion            |       |     1 |     5 |     2 |     6 |     1 |     6 |     1 |    28 ||    50
   Stab: Sleeping          |    22 |    30 |    36 |    75 |    72 |   103 |    49 |   159 |   197 ||   743
         Distracted        |       |       |     3 |     5 |     9 |    12 |    13 |    10 |    61 ||   113
         Invisible         |       |       |     2 |    16 |    28 |    25 |     9 |    51 |   189 ||   320
         Confused          |       |       |       |       |     4 |    19 |     1 |       |       ||    24
 Armour: Robe              |     2 |    13 |    20 |     1 |       |       |       |       |       ||    36
         Steam dragon scal |       |       |       |    12 |     4 |       |       |       |       ||    16
         Animal skin       |       |       |       |       |    24 |    99 |    23 |    32 |    16 ||   194
         Acid dragon scale |       |       |       |       |       |       |       |       |   317 ||   317
  Dodge: Dodged            |    21 |   110 |   199 |   253 |   198 |   523 |   208 |   424 |  3061 ||  4997
         Repelled          |       |       |       |       |     2 |     5 |     2 |     1 |    18 ||    28
  Block: Buckler           |       |       |       |       |       |       |       |       |  1050 ||  1050

Table legend: (Time is in decaauts)
 A = Elapsed time spent in this place.
 B = Non-inter-level travel time spent in this place.
 C = Inter-level travel time spent in this place.
 D = Time resting spent in this place.
 E = Time spent auto-exploring this place.
 F = Levels seen in this place.
 G = Mean time per level.
                   A        B        C        D        E       F      G
               +--------+--------+--------+--------+--------+-----+--------+
         Total |  93786 |  65306 |  28480 |   7243 |  35678 |  55 | 1705.2 |
       Dungeon |  30931 |  17244 |  13687 |   1919 |  11692 |  15 | 2062.1 |
        Temple |    303 |    253 |     50 |      0 |    240 |   1 |  303.0 |
          Lair |   9166 |   6726 |   2440 |    457 |   3694 |   5 | 1833.2 |
        Shoals |   5952 |   4541 |   1411 |    157 |   1133 |   4 | 1488.0 |
   Spider Nest |   6131 |   4674 |   1457 |   1191 |   2179 |   4 | 1532.8 |
  Orcish Mines |   1631 |   1231 |    400 |      0 |    774 |   2 |  815.5 |
   Elven Halls |   3125 |   2769 |    356 |     13 |   1832 |   3 | 1041.7 |
        Vaults |  13577 |   9154 |   4423 |   1421 |   4375 |   5 | 2715.4 |
         Crypt |   4496 |   3824 |    672 |    243 |   1903 |   3 | 1498.7 |
        Depths |   6596 |   4973 |   1623 |    253 |   3361 |   4 | 1649.0 |
           Zot |   8944 |   6988 |   1956 |    934 |   3822 |   5 | 1788.8 |
       Ossuary |    236 |    236 |      0 |     74 |     70 |   1 |  236.0 |
      Ice Cave |    848 |    848 |      0 |    373 |     86 |   1 |  848.0 |
        Wizlab |    943 |    943 |      0 |    144 |    170 |   1 |  943.0 |
    Desolation |    899 |    899 |      0 |     61 |    342 |   1 |  899.0 |
               +--------+--------+--------+--------+--------+-----+--------+

Top non-repeatable levels by time:
    D:14: 4311 daAuts
Vaults:4: 3920 daAuts
  Lair:1: 3538 daAuts
    D:12: 3121 daAuts
     D:9: 3121 daAuts
Vaults:2: 3050 daAuts
Vaults:1: 3011 daAuts
    D:10: 2621 daAuts
    D:15: 2442 daAuts
   Zot:1: 2205 daAuts
    D:11: 2159 daAuts
Depths:4: 2035 daAuts
 Crypt:3: 1999 daAuts
Spider:2: 1902 daAuts
   Zot:5: 1887 daAuts
